 Dungeon Sprint DCSS version 0.21-a0-104-g7b58145 (webtiles) character file.

840 Kidiri the Covert (level 7, 0/37 HPs)
             Began as a Spriggan Enchanter on July 6, 2017.
             Killed from afar by an electric eel (12 damage)
             ... with a bolt of electricity
             ... in the Dungeon (Sprint II: "The Violet Keep of Menkaure").
             The game lasted 00:03:00 (407 turns).

Kidiri the Covert (Spriggan Enchanter)               Turns: 407, Time: 00:03:00

Health: 0/37       AC:  2    Str:  4    XL:     7   Next: 67%
Magic:  6/20       EV: 27    Int: 17    God:
Gold:   486        SH:  0    Dex: 18    Spells: 12/24 levels left

rFire    . . .     SeeInvis +   a - +1 dagger
rCold    . . .     Gourm    .   (shield restricted)
rNeg     . . .     Faith    .   b - +0 robe
rPois    .         Spirit   .   (helmet restricted)
rElec    .         Reflect  .   (no cloak)
rCorr    .         Harm     .   (gloves unavailable)
MR       +....     NoTele   +   (boots unavailable)
Stlth    +++++.....             (no amulet)
HPRegen  0.12/turn              (no ring)
MPRegen  0.17/turn              (no ring)

@: very quick
A: unfitting armour, see invisible, herbivore 3, speed 3, slow metabolism 2
a: no special abilities


You were in the Dungeon.
You were not hungry.

You visited 1 branch You collected 486 gold pieces.

Inventory:

Hand Weapons
 a - a +1 dagger (weapon)
Armour
 b - a +0 robe (worn)
Scrolls
 j - a scroll of blinking
Potions
 g - a potion of haste
 h - 2 potions of magic
Books
 c - a book of Maledictions

   Spells                             Type                      Level
   a - Corona                         Hexes                        1
   b - Ensorcelled Hibernation        Hexes/Ice                    2
   c - Confuse                        Hexes                        3
   d - Tukima's Dance                 Hexes                        3
   e - Dazzling Spray                 Conjuration/Hexes            3
Comestibles
 d - a bread ration


   Skills:
 + Level 4.0 Fighting
 * Level 7.9 Short Blades
 + Level 3.7 Armour
 * Level 10.6 Dodging
 * Level 11.8 Stealth
 * Level 9.2 Spellcasting
 + Level 7.2 Hexes


You had 12 spell levels left.
You knew the following spells:

 Your Spells              Type           Power        Failure   Level  Hunger
a - Corona                Hex            ####...      1%          1    None
b - Ensorcelled Hibernat  Hex/Ice        ###...       3%          2    None
c - Confuse               Hex            ####....     1%          3    None
d - Tukima's Dance        Hex            ####....     1%          3    None
e - Dazzling Spray        Conj/Hex       ###...       6%          3    None


Dungeon Overview and Level Annotations

Branches:
Dungeon (1/1)

Altars:

Shops:
D :

Annotations:
D Kirke


Innate Abilities, Weirdness & Mutations

You are very small and have problems with some larger weapons.
You are too small for most types of armour.
You have supernaturally acute eyesight. (SInv)
You are a herbivore.
You cover ground extremely quickly.
You need consume almost no food.


Message History

Your Dodging skill increases to level 10!
Your Spellcasting skill increases to level 9!
Your Hexes skill increases to level 7!
There is an open door here.
You close the door.
You start resting.
A crimson imp opens the door.
Casting: Ensorcelled Hibernation
Confirm with . or Enter, or press ? or * to list all spells.
Aiming: Confuse
Press: ? - help, Shift-Dir - straight line, f - crimson imp
Aim: a crimson imp (summoned, chance to defeat MR: 43%)
The crimson imp appears confused.
Something unseen opens the gate.
There's a creature in the doorway!
You strike the helpless crimson imp from behind!
You skewer the crimson imp like a kebab!!!
You kill the crimson imp!
The electric eel shoots out a bolt of lightning at you!
The bolt of electricity hits you!
You die...

##≈≈≈§≈§§##
##≈;§≈§§§§§##
+§§§;;§§≈≈≈§# z
§≈≈§;§≈≈§ K@.
≈;;;;≈
###5≈#+''#+++##
##≈≈≈.........#
∩#≈≈≈≈.##'##..#
.#≈≈≈≈##.@.##n####
.#≈≈≈≈#..#..#....#
.#≈≈#
##.#.####..##
.#≈##3
##÷###.##..# .#≈
#.##.##...#..# .+
#+.<%+###+..###
###.##..%#....###.
#+###.##......≈≈
.$. ###≈§.....≈#


You could see 8 electric eels.

Vanquished Creatures
  2 tyrant leeches (D)
  4 necrophages (D)
  A crocodile (D)
7 creatures vanquished.

Vanquished Creatures (others)
  Menkaure (D)
  A crocodile (D)
2 creatures vanquished.

Grand Total: 9 creatures vanquished

Notes
Turn   | Place    | Note
-------+----------+-------------------------------------------
     0 | D        | Kidiri the Spriggan Enchanter began the quest for the Orb.
     0 | D        | Reached XP level 1. HP: 9/9 MP: 5/5
     1 | D        | Noticed a necrophage
     1 | D        | Noticed a necrophage
     1 | D        | Noticed a necrophage
     1 | D        | Noticed a necrophage
     4 | D        | Noticed a neqoxec
     7 | D        | Noticed a merfolk siren
    10 | D        | Noticed a tyrant leech
    10 | D        | Noticed a tyrant leech
    19 | D        | Killed a necrophage
    19 | D        | Reached skill level 1 in Fighting
    19 | D        | Reached skill level 1 in Armour
    19 | D        | Reached skill level 5 in Dodging
    19 | D        | Reached skill level 6 in Stealth
    19 | D        | Reached skill level 5 in Spellcasting
    19 | D        | Reached XP level 2. HP: 15/15 MP: 6/9
    19 | D        | Reached XP level 3. HP: 18/18 MP: 6/10
    19 | D        | Reached XP level 4. HP: 23/23 MP: 7/12
    27 | D        | Killed a necrophage
    27 | D        | Reached skill level 8 in Stealth
    27 | D        | Reached skill level 5 in Hexes
    27 | D        | Reached XP level 5. HP: 27/27 MP: 7/14
    42 | D        | Killed a crocodile
    61 | D        | Killed Menkaure
    71 | D        | Killed a necrophage
    71 | D        | Reached skill level 5 in Short Blades
    71 | D        | Reached skill level 9 in Stealth
    75 | D        | HP: 1/27 [necrophage (3)]
   125 | D        | Noticed a crocodile
   126 | D        | Found Iliufaud's Book Shoppe.
   146 | D        | Noticed an ice statue
   152 | D        | Learned a level 3 spell: Confuse
   164 | D        | Killed a necrophage
   164 | D        | Reached XP level 6. HP: 8/32 MP: 7/17
   168 | D        | Learned a level 2 spell: Ensorcelled Hibernation
   172 | D        | Learned a level 3 spell: Tukima's Dance
   176 | D        | Learned a level 3 spell: Dazzling Spray
   188 | D        | Reached skill level 10 in Stealth
   372 | D        | Killed a tyrant leech
   372 | D        | Reached skill level 11 in Stealth
   372 | D        | Reached XP level 7. HP: 34/37 MP: 14/20
   391 | D        | Noticed Kirke
   391 | D        | Noticed a kobold demonologist
   391 | D        | Noticed a skeletal warrior
   393 | D        | Killed a tyrant leech
   393 | D        | Reached skill level 10 in Dodging
   407 | D        | Killed from afar by an electric eel

Vault maps used:
D:        the_violet_keep_of_menkaure

Skill      XL: |  1  2  3  4  5  6  7 |
---------------+----------------------+-----
Fighting       | 1 2 3 4 |  4.0
Short Blades   | 3 4 6 7 |  7.9
Armour         | 1 2 3 |  3.7
Dodging        | 5 7 8 9 10 | 10.6
Stealth        | 6 8 9 11 | 11.8
Spellcasting   | 5 6 7 8 9 |  9.2
Hexes          | 4 5 6 7 |  7.2

Action                   |  1- 3 |  4- 6 |  7- 9 || total
-------------------------+-------+-------+-------++-------
Melee: Dagger            |     4 |    66 |     3 ||    73
 Cast: Confuse           |       |     3 |     1 ||     4
       Ensorcelled Hiber |       |     3 |     5 ||     8
  Use: Potion            |     1 |     2 |       ||     3
 Stab: Confused          |       |     1 |     1 ||     2
       Sleeping          |       |     2 |     1 ||     3
Armor: Robe              |       |     3 |       ||     3
Dodge: Dodged            |     2 |    45 |     2 ||    49
